 Dungeon Crawl Stone Soup version 0.17-a0-877-ga10078a (webtiles) character file.

248899 xeno23 the Shatterer (level 19, -4/204 HPs)
             Began as an Ogre Wizard on Apr 28, 2015.
             Was the Champion of Okawaru.
             Slain by a reaper
             ... wielding a +3 scythe of slicing
              (12 damage)
             ... on level 1 of the Depths on Apr 30, 2015.
             The game lasted 03:56:19 (37100 turns).

xeno23 the Shatterer (Ogre Wizard)                 Turns: 37100, Time: 03:56:19

Health: -4/204     AC: 24    Str: 28    XL:     19   Next: 58%
Magic:  38/40      EV: 12    Int: 17    God:    Okawaru [******]
Gold:   2586       SH:  0    Dex:  9    Spells: 6 memorised, 21 levels left

rFire  + . .     SeeInvis .     k - +3 giant spiked club of Ynkik {drain, Stlth+}
rCold  . . .     Clarity  .     u - +2 storm dragon armour of Qazlal {rElec rPois rF+ Regen+ rCorr}
rNeg   . . .     SustAb   .     (no shield)
rPois  +         Gourm    .     f - +1 hat "Xaniu" {Regen+ MP+9 Str+6}
rElec  +         Spirit   .     Z - +2 cloak {MR+}
rCorr  +         Warding  .     (gloves unavailable)
rMut   .         Stasis   .     (boots unavailable)
MR     ++...                    P - amulet of faith
Stlth  ..........               O - ring of wizardry
                                i - +1 ring of evasion

@: finesse, repel missiles, very resistant to hostile enchantments, extremely
unstealthy
A: unfitting armour, spit poison 1, tough skin 1
a: Spit Poison, Heroism, Finesse, Renounce Religion
}: 2/15 runes: decaying, serpentine


You were on level 1 of the Depths.
You worshipped Okawaru.
Okawaru was exalted by your worship.
You were not hungry.

You visited 7 branches of the dungeon, and saw 38 of its levels.
You also visited: Ice Cave.

You collected 3832 gold pieces.
You spent 1246 gold pieces at shops.

Inventory:

Hand weapons
 k - the +3 giant spiked club of Ynkik (weapon) {drain, Stlth+}
   (Okawaru gifted it to you on level 1 of the Swamp)

   A truly terrible weapon, it drains the life of those it strikes.
   It makes you more stealthy.
Missiles
 A - 12 javelins of penetration
 I - 34 large rocks (quivered)
Armour
 f - the +1 hat "Xaniu" (worn) {Regen+ MP+9 Str+6}
   (Okawaru gifted it to you on level 4 of the Orcish Mines)

   It affects your strength (+6).
   It affects your magic capacity (+9).
   It increases your rate of regeneration.
 u - the +2 storm dragon armour of Qazlal (worn) {rElec rPois rF+ Regen+ rCorr}
   (You acquired it on level 5 of the Dungeon)

   It protects you from fire.
   It insulates you from electricity.
   It protects you from poison.
   It increases your rate of regeneration.
   It protects you from acid and corrosion.
 Z - a +2 cloak of magic resistance (worn)
Jewellery
 h - an uncursed ring of protection from fire
 i - a +1 ring of evasion (left hand)
 O - a ring of wizardry (right hand)
 P - an amulet of faith (around neck)
 X - an uncursed ring of flight
Magical devices
 b - a wand of hasting (2)
 C - a wand of teleportation (5)
 L - a wand of heal wounds (4)
 V - a wand of digging (1)
Scrolls
 a - 2 scrolls of amnesia
 c - 10 scrolls of identify
 e - 16 scrolls of remove curse
 j - 5 scrolls of enchant armour
 l - a scroll of blinking
 o - 4 scrolls of fear
 q - 9 scrolls of immolation
 w - 2 scrolls of enchant weapon
 H - 2 scrolls of teleportation
 J - 3 scrolls of magic mapping
 W - 3 scrolls of fog
 Y - 2 scrolls of silence
Potions
 g - 3 potions of haste
 m - 12 potions of curing
 p - 3 potions of flight
 t - 2 potions of cancellation
 v - 4 potions of might
 x - 2 potions of resistance
 B - 3 potions of restore abilities
 D - 3 potions of brilliance
 E - 3 potions of berserk rage
 F - 3 potions of magic
Books
 y - a Fen Folio

   Spells                             Type                      Level
   a - Corpse Rot                     Necromancy                   2
   b - Stone Arrow                    Conjuration/Earth            3
   c - Leda's Liquefaction            Hexes/Earth                  4
   d - Summon Forest                  Summoning/Translocation      5
   e - Hydra Form                     Transmutation                6
   f - Summon Hydra                   Summoning                    7
 z - Sif Muna's Reference Book on Dislocation
   (You found it on level 1 of the Depths)

   Spells                             Type                      Level
   a - Apportation                    Translocation                1
   b - Shroud of Golubria             Charms/Translocation         2
   c - Recall                         Summoning/Translocation      3
   d - Control Teleport               Charms/Translocation         4
   e - Force Lance                    Conjuration/Translocation    4
   f - Summon Forest                  Summoning/Translocation      5
Comestibles
 d - 4 chunks of flesh
 r - 60 fruits
 s - 11 meat rations


   Skills:
 - Level 16.0 Fighting
 + Level 21.3 Maces & Flails
 - Level 10.0 Throwing
 + Level 14.9 Armour
 + Level 13.2 Dodging
 - Level 1.5 Stealth
 - Level 8.4 Spellcasting
 - Level 3.0 Conjurations
 - Level 0.6 Summonings
 - Level 0.6 Translocations
 - Level 10.0 Invocations


You had 21 spell levels left.
You knew the following spells:

 Your Spells              Type           Power        Failure   Level  Hunger
a - Magic Dart            Conj           ###.         4%          1    None
b - Blink                 Tloc           N/A          19%         2    None
c - Call Imp              Summ           #.......     19%         2    None
d - Conjure Flame         Conj/Fire      ##......     30%         3    #......
e - Mephitic Cloud        Conj/Pois/Air  ##......     38%         3    #......
r - Repel Missiles        Chrm/Air       #.....       26%         2    None


Dungeon Overview and Level Annotations

Branches:
Dungeon (15/15)            Temple (1/1) D:5            Lair (8/8) D:10
  Swamp (4/4) Lair:5        Snake (4/4) Lair:6        Slime (0/6) Lair:6
    Orc (4/4) D:9             Elf (0/3) Orc:3        Vaults (0/5) D:14
 Depths (2/5) D:15

Altars:
Ashenzari
Cheibriados
Dithmenos
Elyvilon
Fedhas
Gozag
Kikubaaqudgha
Makhleb
Nemelex Xobeh
Okawaru
Qazlal
Ru
Sif Muna
Trog
Vehumet
Xom
Yredelemnul
Zin
The Shining One
Beogh
Jiyva

Shops:
D:5 *   D:7 }   D:8 :   D:9 (   D:10 ?   Orc:4 ([=*   Snake:1 }   Snake:4 *

Portals:
Hell: Depths:1


Innate Abilities, Weirdness & Mutations

You are too large for most types of armour.
You have tough skin (AC +1).
You can spit weak poison.


Message History

You hit the reaper.
The reaper is severely wounded.
You sock the reaper!
The reaper is almost dead.
You barely miss the reaper.
The reaper is almost dead.
The reaper hits you with a scythe of slicing!!
* * * LOW HITPOINT WARNING * * *
x2 You take 30 damage.
You puncture the reaper!
The reaper is almost dead.
You closely miss the reaper.
The reaper is almost dead.
You barely miss the reaper.
The reaper is almost dead.
You hit the reaper but do no damage.
The reaper is almost dead.
The reaper hits you with a scythe of slicing!!!
* * * LOW HITPOINT WARNING * * *
You die...

#####...#'#...######
#...#.#...##..## ##
###...#.#...#....# .
#.#####.######..## #.
..#...).)...#....'
#.##.#.#.###.#.##..##
#....#.#.###.#.#....#
#...2#.........##..##
#...@#####'##########
#.##.##..§.§..####...
#....##..§§§..#|.#..#
#.##..'...§§§.'..'...
# ####.......#./#..#
############... #...
##.. ###


You could see a reaper.

Vanquished Creatures
  A tentacled monstrosity (Depths:1)
  2 liches (Depths:1)
  An Ice Fiend (IceCv)
  An acid blob (Lair:6)
  An eldritch tentacle (Depths:1)
  3 thorn hunters
  6 greater nagas
  An orc warlord (Orc:4)
  Donald (Swamp:4)
  Maud (D:13)
  2 stone giants (Depths:1)
  A vampire knight (Depths:1)
  Azrael (D:15)
  2 deep elf death magi (Depths:1)
  An ogre mage (Depths:2)
  Harold (D:11)
  A rakshasa (D:15)
  13 naga warriors
  2 ice dragons
  29 hydras
  Erica (D:11)
  10 alligators
  6 centaur warriors
  6 death yaks (Lair:8)
  A ghost crab (Swamp:4)
  11 anacondas
  11 naga sharpshooters
  A titan zombie (Depths:1)
  7 shock serpents
  2 orc high priests (Orc:4)
  4 soul eaters (Depths:1)
  4 ice devils (IceCv)
  A storm dragon skeleton (Depths:1)
  2 unseen horrors
  2 quicksilver dragon simulacra (Depths:1)
  A spriggan druid (Swamp:3)
  11 swamp dragons
  A flayed ghost (Depths:1)
  5 ice statues (IceCv)
  9 naga ritualists
  8 necromancers
  2 shambling mangroves (Swamp:4)
  6 mana vipers
  7 orc sorcerers
  2 orc knights
  12 ugly things
  A fire giant zombie (Depths:1)
  A wolf spider zombie (D:15)
  2 cyclopes
  A stone giant zombie (Depths:1)
  2 hornets
  2 manticores
  2 griffons
  A shadow dragon skeleton (Depths:1)
  14 elephants
  A sixfirhy (D:15)
  An iron dragon skeleton (Depths:1)
  2 stone giant skeletons (Depths:1)
  3 guardian serpents
  2 frost giant skeletons (Depths:1)
  An octopode (shapeshifter) (Depths:1)
  A molten gargoyle (Depths:1)
  8 salamanders
  A gargoyle (D:15)
  3 torpor snails
  4 centaur skeletons
  31 black mambas
  A yaktaur (D:15)
  2 yaktaur zombies (Depths:1)
  16 komodo dragons
  A spriggan zombie (Depths:1)
  23 naga magi
  27 spiny frogs
  5 fire drakes
  A kobold demonologist (D:15)
  2 anaconda simulacra (IceCv)
  A golden dragon simulacrum (Depths:1)
  3 two-headed ogres
  A spriggan skeleton (Depths:1)
  A wolf spider simulacrum (D:15)
  7 trolls
  A polar bear (Lair:6)
  10 giant leeches
  A freezing wraith (D:14)
  19 slime creatures
  A tengu simulacrum (Depths:1)
  6 blue devils (IceCv)
  A shadow dragon simulacrum (Depths:1)
  A hornet zombie (D:15)
  3 bog bodies
  An ice dragon zombie (Depths:1)
  6 baby alligators
  4 wandering mushrooms (D:8)
  27 blink frogs
  2 deep troll zombies (Depths:1)
  A boulder beetle (Orc:4)
  12 ravens
  A fire dragon zombie (Depths:1)
  A deep troll skeleton (Depths:1)
  Sigmund (D:6)
  A spriggan (Swamp:4)
  2 water elementals (Depths:1)
  An ice dragon skeleton (Depths:1)
  2 wyverns
  A centaur simulacrum (D:15)
  62 yaks
  2 basilisks
  2 vampires
  2 shadows
  3 deep elf magi
  21 vampire mosquitoes
  3 dire elephant simulacra (IceCv)
  5 fire elementals (D:15)
  2 hungry ghosts
  11 hippogriffs
  A neqoxec (Orc:4)
  A harpy simulacrum (IceCv)
  21 swamp worms
  A soldier ant (D:14)
  10 insubstantial wisps
  An iron troll simulacrum (IceCv)
  A steam dragon (Lair:6)
  A tengu zombie (Depths:1)
  55 nagas
  13 porcupines
  11 wargs
  16 water moccasins
  2 hydra simulacra (IceCv)
  13 wolves
  3 hell hounds (D:15)
  29 orc warriors
  A deep troll simulacrum (Depths:1)
  A wasp (Swamp:4)
  8 ice beasts
  16 ogres
  2 black bears
  An ettin simulacrum (IceCv)
  9 swamp drakes
  2 phantoms
  An eye of draining (D:11)
  2 necrophages (D:8)
  19 centaurs
  12 crocodiles
  46 giant frogs
  A big kobold (D:9)
  A water moccasin zombie (D:12)
  16 wights
  2 scorpions
  11 killer bees
  2 oklob saplings (D:8)
  A centaur zombie (D:12)
  8 electric eels
  7 hounds
  5 crimson imps
  2 quasits
  38 orc priests
  2 jellies
  A gnoll shaman (D:3)
  43 orc wizards
  2 giant frog skeletons
  12 iguanas
  9 worker ants
  A statue (D:4)
  9 sheep
  3 hound skeletons
  A hound zombie (D:6)
  2 worker ant zombies
  4 gnolls (D:3)
  71 river rats
  4 shadow imps
  12 white imps (Swamp:4)
  13 adders
  2 oozes
  3 adder skeletons
  An adder zombie (D:9)
  2 worms
  3 giant geckos
  240 orcs
  16 bats
  2 bat skeletons
  A bat zombie (D:8)
  3 giant cockroaches
  22 hobgoblins
  13 kobolds
  A ball python zombie (D:5)
  A giant gecko skeleton (D:7)
  2 giant newts
  22 goblins
  8 jackals
  A jackal skeleton (D:6)
  6 quokkas
  2 quokka skeletons
  A quokka zombie (D:5)
  13 rats
  5 briar patches (Swamp:3)
  2 fungi
  3 plants
  A toadstool (Swamp:1)
1556 creatures vanquished.

Vanquished Creatures (collateral kills)
  A gnoll (D:3)
  An adder (D:3)
  A worm (D:2)
  An orc (D:5)
  A giant newt (D:5)
5 creatures vanquished.

Vanquished Creatures (others)
  A naga ritualist (Snake:4)
  A necromancer (Depths:1)
  A naga mage (Snake:4)
  A spiny frog (Lair:8)
  A bog body (Swamp:1)
  An ettin zombie (Depths:1)
  A baby alligator (Swamp:4)
  An orc wizard (D:10)
  2 white imps
  2 shadow imps (D:5)
  6 orcs
  A hobgoblin (Orc:1)
  A bush (Lair:8)
  50 eldritch tentacle segments (Depths:1)
  8 fungi
  11 plants
  3 toadstools (Swamp:1)
92 creatures vanquished.

Grand Total: 1653 creatures vanquished

Notes
Turn   | Place    | Note
--------------------------------------------------------------
     0 | D:1      | xeno23, the Ogre Wizard, began the quest for the Orb.
     0 | D:1      | Reached XP level 1. HP: 16/16 MP: 5/5
   176 | D:1      | Reached skill level 1 in Conjurations
   224 | D:1      | Reached XP level 2. HP: 16/24 MP: 1/6
   228 | D:1      | Learned a level 2 spell: Blink
   231 | D:1      | Learned a level 2 spell: Repel Missiles
   235 | D:1      | Learned a level 2 spell: Call Imp
   948 | D:2      | Reached XP level 3. HP: 24/31 MP: 2/8
  1148 | D:2      | Found a deep blue altar of Sif Muna.
  1398 | D:2      | Reached skill level 4 in Spellcasting
  1410 | D:2      | Learned a level 3 spell: Conjure Flame
  1740 | D:3      | Reached XP level 4. HP: 30/39 MP: 2/10
  2416 | D:3      | Reached skill level 1 in Maces & Flails
  2416 | D:3      | Reached XP level 5. HP: 40/45 MP: 2/11
  2453 | D:3      | Reached skill level 1 in Throwing
  3167 | D:4      | Reached XP level 6. HP: 43/53 MP: 12/12
  3382 | D:4      | Found a radiant altar of Vehumet.
  4117 | D:5      | Entered Level 5 of the Dungeon
  4344 | D:5      | Found Wikiarr's Assorted Antiques.
  4377 | D:5      | Bought a scroll labeled MEGUGAREHO for 27 gold pieces
  4377 | D:5      | Bought a fuming green potion for 24 gold pieces
  4392 | D:5      | Reached XP level 7. HP: 51/59 MP: 10/14
  4563 | D:5      | Found a basalt altar of Yredelemnul.
  4563 | D:5      | Found an iron altar of Okawaru.
  4572 | D:5      | Became a worshipper of Warmaster Okawaru
  4903 | D:5      | Reached skill level 5 in Spellcasting
  5171 | D:5      | Learned a level 3 spell: Mephitic Cloud
  5201 | D:5      | Found a staircase to the Ecumenical Temple.
  5276 | D:5      | Got a twisted robe
  5328 | D:5      | Acquired Okawaru's first power
  5543 | D:5      | Identified the +1 robe "Hisewujy" {rElec Str-3 Int+2 Dex+5} (You found it on level 5 of the Dungeon)
  5554 | D:5      | Got a fine storm dragon armour
  5592 | D:5      | Identified the +2 storm dragon armour of Qazlal {rElec rPois rF+ Regen+ rCorr} (You acquired it on level 5 of the Dungeon)
  5621 | D:5      | Reached skill level 5 in Maces & Flails
  5699 | D:5      | Reached skill level 1 in Armour
  5699 | D:5      | Reached XP level 8. HP: 62/67 MP: 13/15
  6052 | Temple   | Entered the Ecumenical Temple
  6176 | D:6      | Noticed Sigmund
  6189 | D:6      | Killed Sigmund
  6305 | D:6      | Found a glowing golden altar of the Shining One.
  6501 | D:6      | Reached skill level 1 in Fighting
  6501 | D:6      | Reached skill level 6 in Maces & Flails
  6501 | D:6      | Reached skill level 5 in Throwing
  7002 | D:7      | Found an ancient bone altar of Kikubaaqudgha.
  7041 | D:7      | Upgraded the game from 0.17-a0-848-g7e5c6af to 0.17-a0-854-g4a4ba72
  7046 | D:7      | Reached XP level 9. HP: 68/80 MP: 11/16
  7052 | D:7      | Reached skill level 7 in Maces & Flails
  7420 | D:7      | Found Onuy's Gadget Boutique.
  7487 | D:7      | Found a sacrificial altar of Ru.
  7682 | D:7      | Reached skill level 8 in Maces & Flails
  7936 | D:8      | Reached skill level 9 in Maces & Flails
  7964 | D:8      | Noticed a wandering mushroom
  7966 | D:8      | Killed a wandering mushroom
  7966 | D:8      | Reached XP level 10. HP: 87/94 MP: 15/17
  7971 | D:8      | Noticed a wandering mushroom
  7976 | D:8      | Killed a wandering mushroom
  7979 | D:8      | Found a blossoming altar of Fedhas.
  7979 | D:8      | Noticed a wandering mushroom
  7979 | D:8      | Noticed a wandering mushroom
  8010 | D:8      | Killed a wandering mushroom
  8026 | D:8      | Killed a wandering mushroom
  8127 | D:8      | Reached skill level 5 in Armour
  8183 | D:8      | Found Ilyguacur's Book Shoppe.
  8279 | D:8      | Reached skill level 5 in Fighting
  8634 | D:9      | Reached skill level 10 in Maces & Flails
  8705 | D:9      | Received a gift from Okawaru
  8767 | D:9      | Found Leoga's Weapon Emporium.
  8784 | D:9      | Found a staircase to the Orcish Mines.
  9346 | D:10     | Entered Level 10 of the Dungeon
  9363 | D:10     | Found Lyutt's Magic Scroll Emporium.
  9366 | D:10     | Bought a scroll of identify for 30 gold pieces
  9366 | D:10     | Bought a scroll of identify for 30 gold pieces
  9368 | D:10     | Bought a scroll of identify for 30 gold pieces
  9368 | D:10     | Bought a scroll of identify for 30 gold pieces
  9463 | D:10     | Received a gift from Okawaru
  9480 | D:10     | Received a gift from Okawaru
  9919 | D:10     | Found a staircase to the Lair.
  9924 | D:10     | Reached XP level 11. HP: 98/107 MP: 15/18
  9929 | D:10     | Reached skill level 11 in Maces & Flails
 10157 | D:10     | Received a gift from Okawaru
 10294 | Lair:1   | Entered Level 1 of the Lair of Beasts
 10354 | Lair:1   | Received a gift from Okawaru
 10515 | Lair:1   | Acquired Okawaru's second power
 10515 | Lair:1   | Reached skill level 10 in Throwing
 10691 | Lair:1   | Received a gift from Okawaru
 10755 | Lair:1   | Received a gift from Okawaru
 10755 | Lair:1   | Reached skill level 12 in Maces & Flails
 11597 | Lair:2   | Received a gift from Okawaru
 11729 | Lair:2   | Reached XP level 12. HP: 90/119 MP: 19/19
 11746 | Lair:2   | Reached skill level 13 in Maces & Flails
 12910 | Lair:4   | Received a gift from Okawaru
 12937 | Lair:4   | Received a gift from Okawaru
 12944 | Lair:4   | Reached skill level 1 in Invocations
 13014 | Lair:4   | Got a shimmering flail
 13015 | Lair:4   | Identified the +3 flail of the Enemy {crush, Noisy rElec rN+ Dex+7} (You found it on level 4 of the Lair of Beasts)
 13022 | Lair:4   | Noticed a seven-headed hydra
 13028 | Lair:4   | Killed a seven-headed hydra
 13232 | Lair:4   | Reached skill level 14 in Maces & Flails
 13403 | Lair:4   | Received a gift from Okawaru
 13435 | Lair:4   | Noticed a four-headed hydra
 13442 | Lair:4   | Killed a four-headed hydra
 13800 | Lair:5   | Found a staircase to the Swamp.
 14353 | Lair:5   | Reached skill level 10 in Fighting
 14359 | Lair:5   | Reached XP level 13. HP: 82/133 MP: 20/20
 14693 | Lair:6   | Found a staircase to the Snake Pit.
 14768 | Lair:6   | Found a staircase to the Swamp.
 14845 | Lair:6   | Reached skill level 15 in Maces & Flails
 14957 | Lair:6   | Found a viscous altar of Jiyva.
 14957 | Lair:6   | Found a staircase to the Slime Pits.
 15253 | Lair:6   | Received a gift from Okawaru
 15736 | Lair:6   | Noticed an acid blob
 15742 | Lair:6   | Killed an acid blob
 15742 | Lair:6   | Reached skill level 10 in Armour
 15742 | Lair:6   | Reached skill level 5 in Invocations
 16375 | Lair:7   | Reached skill level 16 in Maces & Flails
 16445 | Lair:7   | Received a gift from Okawaru
 16633 | Lair:8   | Entered Level 8 of the Lair of Beasts
 16733 | Lair:8   | Received a gift from Okawaru
 16751 | Lair:8   | Reached XP level 14. HP: 88/146 MP: 21/21
 17096 | Lair:8   | Received a gift from Okawaru
 17323 | Lair:8   | Reached skill level 17 in Maces & Flails
 18061 | Lair:8   | Received a gift from Okawaru
 18064 | Lair:8   | Got a scorched dire flail {god gift}
 18442 | Lair:1   | Identified the +3 dire flail of the Brain {crush, rN++ Str-5} (Okawaru gifted it to you on level 8 of the Lair of Beasts)
 18595 | Orc:1    | Entered Level 1 of the Orcish Mines
 19531 | Orc:3    | Found a staircase to the Elven Halls.
 19602 | Orc:3    | Reached XP level 15. HP: 150/158 MP: 22/22
 20838 | Orc:4    | Entered Level 4 of the Orcish Mines
 20852 | Orc:4    | Reached skill level 18 in Maces & Flails
 20856 | Orc:4    | Received a gift from Okawaru
 21098 | Orc:4    | Found a roughly hewn altar of Beogh.
 21107 | Orc:4    | Found Ugryotesimn's Jewellery Shop.
 21178 | Orc:4    | Found a roughly hewn altar of Beogh.
 21184 | Orc:4    | Received a gift from Okawaru
 21185 | Orc:4    | Got a smoking hat {god gift}
 21221 | Orc:4    | Identified the +1 hat "Xaniu" {Regen+ MP+9 Str+6} (Okawaru gifted it to you on level 4 of the Orcish Mines)
 21252 | Orc:4    | Found a roughly hewn altar of Beogh.
 21469 | Orc:4    | Found a roughly hewn altar of Beogh.
 21493 | Orc:4    | Found Ewauzanu's General Store.
 21528 | Orc:4    | Found a roughly hewn altar of Beogh.
 21762 | Orc:4    | Found a roughly hewn altar of Beogh.
 21762 | Orc:4    | Found Vyhoufya's Antique Armour Emporium.
 21767 | Orc:4    | Found Lijip's Antique Weapon Shoppe.
 21969 | D:11     | Noticed Erica
 21977 | D:11     | Killed Erica
 22178 | D:11     | Noticed Harold
 22188 | D:11     | Killed Harold
 23076 | D:12     | Found a white marble altar of Elyvilon.
 23155 | D:12     | Found a shimmering altar of Xom.
 23529 | D:13     | Noticed Maud
 23542 | D:13     | Killed Maud
 23542 | D:13     | Received a gift from Okawaru
 24231 | D:14     | Reached skill level 19 in Maces & Flails
 24704 | D:14     | Found a gate to the Vaults.
 24818 | D:15     | Entered Level 15 of the Dungeon
 25064 | D:15     | Found a staircase to the Depths.
 25071 | D:15     | Received a gift from Okawaru
 25071 | D:15     | Reached XP level 16. HP: 137/170 MP: 23/23
 25614 | D:15     | Found a blossoming altar of Fedhas.
 25810 | D:15     | Noticed Azrael
 25816 | D:15     | Killed Azrael
 26159 | Lair:1   | Upgraded the game from 0.17-a0-854-g4a4ba72 to 0.17-a0-877-ga10078a
 26365 | Snake:1  | Entered Level 1 of the Snake Pit
 26456 | Snake:1  | Found Cecvuwau's Gadget Boutique.
 26464 | Snake:1  | Bought a wand of hasting (6) for 900 gold pieces
 26711 | Snake:1  | Received a gift from Okawaru
 27106 | Snake:1  | Received a gift from Okawaru
 27248 | Snake:1  | Reached skill level 20 in Maces & Flails
 27303 | Snake:2  | Reached skill level 10 in Invocations
 27550 | Snake:2  | Gained mutation: You can spit weak poison. [potion of beneficial mutation]
 27617 | Snake:2  | Received a gift from Okawaru
 28302 | Snake:3  | Reached XP level 17. HP: 178/182 MP: 26/26
 28474 | Snake:3  | Received a gift from Okawaru
 28722 | Snake:4  | Entered Level 4 of the Snake Pit
 28807 | Snake:4  | Reached skill level 15 in Fighting
 29776 | Snake:4  | Received a gift from Okawaru
 29918 | Snake:4  | Found Tionuvyi's Assorted Antiques.
 29929 | Snake:4  | Bought a scroll of identify for 70 gold pieces
 29929 | Snake:4  | Bought a potion of curing for 105 gold pieces
 30628 | Snake:4  | Got a serpentine rune of Zot
 31156 | Swamp:1  | Entered Level 1 of the Swamp
 31205 | Swamp:1  | Received a gift from Okawaru
 31205 | Swamp:1  | Reached skill level 5 in Dodging
 31211 | Swamp:1  | Got an iridescent giant spiked club {god gift}
 31212 | Swamp:1  | Identified the +3 giant spiked club of Ynkik {drain, Stlth+} (Okawaru gifted it to you on level 1 of the Swamp)
 31285 | Swamp:1  | Reached XP level 18. HP: 182/196 MP: 30/30
 32033 | Swamp:2  | Received a gift from Okawaru
 33111 | Swamp:4  | Entered Level 4 of the Swamp
 33173 | Swamp:4  | Received a gift from Okawaru
 33176 | Swamp:4  | Got a bloodstained giant club {god gift}
 33234 | Swamp:4  | Found a frozen archway.
 33268 | Swamp:4  | Identified the +3 giant club "Xuekh" {freeze, MP-9 Str+4 Stlth+} (Okawaru gifted it to you on level 4 of the Swamp)
 33273 | IceCv    | Entered an ice cave
 33571 | IceCv    | Reached skill level 10 in Dodging
 33787 | IceCv    | Noticed an Ice Fiend
 33805 | IceCv    | Killed an Ice Fiend
 34255 | Swamp:4  | Noticed Donald
 34274 | Swamp:4  | Killed Donald
 34462 | Swamp:4  | Received a gift from Okawaru
 34642 | Swamp:4  | Received a gift from Okawaru
 34761 | Swamp:4  | Reached XP level 19. HP: 147/204 MP: 31/31
 34800 | Swamp:4  | Got a decaying rune of Zot
 35560 | Depths:1 | Entered Level 1 of the Depths
 36015 | Depths:1 | Found an ancient bone altar of Kikubaaqudgha.
 36070 | Depths:2 | Reached skill level 21 in Maces & Flails
 36078 | Depths:2 | Received a gift from Okawaru
 36165 | Depths:1 | Identified Sif Muna's Reference Book on Dislocation
 36520 | Depths:1 | Received a gift from Okawaru
 36536 | Depths:1 | Found a gateway to Hell.
 37100 | Depths:1 | HP: 8/204 [reaper/scythe of slicing (36)]
 37100 | Depths:1 | Slain by a reaper

Action                   |  1- 3 |  4- 6 |  7- 9 | 10-12 | 13-15 | 16-18 | 19-21 || total
-------------------------+-------+-------+-------+-------+-------+-------+-------++-------
Melee: Unarmed           |    17 |       |       |       |       |       |       ||    17
       Club              |    10 |       |       |       |       |       |       ||    10
       Dagger            |    78 |       |       |       |       |       |       ||    78
       Spear             |     8 |    69 |       |       |       |       |       ||    77
       Flail             |       |    34 |       |       |       |       |       ||    34
       Morningstar       |       |    16 |    48 |       |       |       |       ||    64
       Giant club        |       |       |   398 |   670 |  1765 |   838 |       ||  3671
       Giant spiked club |       |       |       |       |       |   641 |   387 ||  1028
 Fire: Hunting sling     |     4 |    12 |     5 |    42 |       |       |       ||    63
       Blowgun           |       |    28 |    69 |       |       |       |       ||    97
Throw: Large rock        |       |       |       |    20 |    14 |     6 |     9 ||    49
       Javelin           |       |       |       |     3 |       |       |       ||     3
 Cast: Magic Dart        |    68 |    54 |     7 |       |       |       |       ||   129
       Repel Missiles    |     1 |       |     2 |     1 |     5 |     6 |     1 ||    16
       Call Imp          |     1 |     4 |     5 |       |       |       |       ||    10
       Conjure Flame     |       |     4 |       |       |       |       |       ||     4
       Blink             |       |       |       |       |       |     1 |       ||     1
Invok: Heroism           |       |       |     4 |     8 |     7 |     4 |       ||    23
       Finesse           |       |       |       |       |     9 |     6 |     3 ||    18
Evoke: Wand              |       |       |       |     1 |       |    12 |     1 ||    14
  Use: Scroll            |       |     4 |    16 |    13 |    11 |    11 |     1 ||    56
       Potion            |       |       |     1 |     1 |       |     3 |     1 ||     6
 Stab: Sleeping          |     1 |     1 |     1 |       |       |       |       ||     3
       Distracted        |       |     1 |       |       |       |       |       ||     1
  Eat: Chunk             |     3 |     8 |    17 |    22 |    36 |    18 |     3 ||   107
       Beef jerky        |       |       |     1 |       |     1 |     1 |     1 ||     4
       Pizza             |       |       |     1 |       |       |       |       ||     1
       Bread ration      |       |       |       |       |     1 |     2 |       ||     3
       Royal jelly       |       |       |       |       |       |     1 |       ||     1
       Meat ration       |       |       |       |       |       |       |     1 ||     1
